[ AOE2 MATCH · #495752629 ]
UnrankedTatars vs Chinese
Player's team · LOSS
Rival team · WIN
[ REPLAY ANALYSIS · EXTRACTED FROM THE RECORDED GAME ]
Feudal
9:09
Castle
24:20
Imperial
43:41
| APM avg | 49.2 |
| APM peak | 91 |
| eAPM avg | 26.0 |
| Villagers / military | 129 / 176 |
Focus
⚔️ 39.2% · 🌾 60.8%
Skirmisher ×118 · Scout Cavalry ×47 · Spearman ×7 · Battering Ram ×2 · Archer ×1 · Mangonel ×1
Feudal
8:56
Castle
19:33
Imperial
37:39
| APM avg | 54.3 |
| APM peak | 118 |
| eAPM avg | 21.1 |
| Villagers / military | 161 / 152 |
Focus
⚔️ 31.9% · 🌾 68.1%
Cavalry Archer ×88 · Scout Cavalry ×48 · Iron Pagoda ×8 · Spearman ×5 · Trebuchet (Packed) ×2 · Knight ×1
Match map
Initial resources + every placement click. Lines = walls · curves = elevation contours. ◆ gold · ⬟ stone · ● berries · ✦ relic · ◌ wall gap
Your base· ✓ Closed at 24:20 · 20t walls · 1 gate(s)
MonoLink's base· ✓ Closed at 19:33 · 3t walls · no gate
Smoothed initial terrain · ◌ = detected wall gap · hover for details
Inputs per minute
— SaintJustice - - MonoLink
Build order — SaintJustice
First 150 of 468 actions detected
| 0:02 | Build | House |
| 0:04 | Build | House |
| 0:05 | Queue | Villager (Male) |
| 0:05 | Queue | Villager (Male) |
| 0:05 | Queue | Villager (Male) |
| 0:05 | Queue | Villager (Male) |
| 0:06 | Queue | Villager (Male) |
| 1:28 | Queue | Villager (Male) |
| 1:28 | Queue | Villager (Male) |
| 1:49 | Build | Lumber Camp |
| 1:54 | Queue | Villager (Male) |
| 2:11 | Queue | Villager (Male) |
| 2:46 | Build | House |
| 2:48 | Build | House |
| 2:55 | Queue | Villager (Male) |
| 2:56 | Queue | Villager (Male) |
| 3:03 | Queue | Villager (Male) |
| 3:32 | Queue | Villager (Male) |
| 3:33 | Queue | Villager (Male) |
| 3:56 | Queue | Villager (Male) |
| 3:57 | Queue | Villager (Male) |
| 4:32 | Queue | Villager (Male) |
| 4:33 | Queue | Villager (Male) |
| 4:48 | Build | Mill |
| 4:55 | Queue | Villager (Male) |
| 4:56 | Queue | Villager (Male) |
| 4:56 | Queue | Villager (Male) |
| 5:50 | Queue | Villager (Male) |
| 6:08 | Research | Loom |
| 6:14 | Research | Loom |
| 6:59 | Research | Feudal Age |
| 6:59 | Research | Feudal Age |
| 7:02 | Build | Barracks |
| 9:07 | Queue | Villager (Male) |
| 9:08 | Queue | Villager (Male) |
| 9:09 | Age | Feudal Age |
| 9:12 | Build | Stable |
| 9:15 | Research | Double-Bit Axe |
| 9:37 | Build | House |
| 9:41 | Queue | Villager (Male) |
| 9:57 | Queue | Scout Cavalry |
| 9:57 | Queue | Scout Cavalry |
| 9:58 | Queue | Spearman |
| 10:00 | Queue | Villager (Male) |
| 10:17 | Build | House |
| 10:20 | Build | Palisade Wall |
| 10:24 | Queue | Villager (Male) |
| 10:27 | Queue | Scout Cavalry |
| 10:35 | Queue | Spearman |
| 10:41 | Build | Farm |
| 10:43 | Build | Farm |
| 10:47 | Queue | Villager (Male) |
| 10:53 | Queue | Scout Cavalry |
| 10:56 | Build | House |
| 11:09 | Queue | Villager (Male) |
| 11:18 | Build | Archery Range |
| 11:26 | Queue | Villager (Male) |
| 11:31 | Build | House |
| 11:41 | Queue | Villager (Male) |
| 11:51 | Build | Farm |
| 11:54 | Build | Farm |
| 12:13 | Queue | Spearman |
| 12:25 | Queue | Scout Cavalry |
| 12:56 | Queue | Villager (Male) |
| 12:57 | Queue | Villager (Male) |
| 13:31 | Queue | Skirmisher |
| 13:32 | Queue | Skirmisher |
| 13:37 | Queue | Scout Cavalry |
| 13:41 | Queue | Villager (Male) |
| 13:44 | Build | Farm |
| 13:46 | Build | Farm |
| 13:48 | Queue | Scout Cavalry |
| 13:49 | Queue | Skirmisher |
| 13:49 | Queue | Skirmisher |
| 13:53 | Build | Farm |
| 13:58 | Build | Farm |
| 14:01 | Queue | Villager (Male) |
| 14:17 | Build | Farm |
| 14:19 | Build | Farm |
| 14:22 | Build | Farm |
| 14:28 | Build | Farm |
| 14:30 | Build | House |
| 14:31 | Build | House |
| 14:49 | Queue | Villager (Male) |
| 14:49 | Queue | Scout Cavalry |
| 14:52 | Queue | Skirmisher |
| 15:00 | Build | Farm |
| 15:03 | Queue | Villager (Male) |
| 15:14 | Queue | Skirmisher |
| 15:16 | Queue | Scout Cavalry |
| 15:40 | Queue | Skirmisher |
| 16:05 | Queue | Villager (Male) |
| 16:36 | Queue | Villager (Male) |
| 16:37 | Queue | Villager (Male) |
| 16:40 | Build | Farm |
| 16:46 | Queue | Skirmisher |
| 16:48 | Queue | Villager (Male) |
| 16:50 | Build | Farm |
| 16:55 | Build | Farm |
| 16:58 | Build | Farm |
| 17:06 | Queue | Spearman |
| 17:10 | Queue | Skirmisher |
| 17:21 | Build | House |
| 17:27 | Queue | Spearman |
| 17:31 | Queue | Skirmisher |
| 17:34 | Queue | Spearman |
| 17:37 | Queue | Scout Cavalry |
| 17:39 | Queue | Villager (Male) |
| 17:43 | Build | Palisade Gate |
| 17:51 | Queue | Scout Cavalry |
| 18:20 | Queue | Villager (Male) |
| 18:23 | Build | Mining Camp |
| 18:25 | Queue | Spearman |
| 18:28 | Queue | Scout Cavalry |
| 18:30 | Queue | Villager (Male) |
| 18:44 | Queue | Villager (Male) |
| 19:07 | Queue | Villager (Male) |
| 19:23 | Queue | Villager (Male) |
| 19:27 | Build | Market |
| 19:32 | Build | Blacksmith |
| 19:34 | Build | Lumber Camp |
| 19:52 | Queue | Scout Cavalry |
| 19:55 | Queue | Villager (Male) |
| 19:59 | Build | Palisade Wall |
| 20:00 | Build | Palisade Wall |
| 20:01 | Build | Palisade Wall |
| 20:02 | Build | Palisade Wall |
| 20:03 | Build | Palisade Wall |
| 20:05 | Build | Palisade Wall |
| 20:06 | Build | Palisade Wall |
| 20:07 | Build | Palisade Wall |
| 20:25 | Build | Palisade Wall |
| 20:26 | Build | Palisade Wall |
| 20:27 | Build | Palisade Wall |
| 20:28 | Build | Palisade Wall |
| 20:30 | Build | Palisade Wall |
| 20:30 | Build | Palisade Wall |
| 20:31 | Build | Palisade Wall |
| 21:10 | Queue | Villager (Male) |
| 21:17 | Build | Watch Tower |
| 21:31 | Queue | Skirmisher |
| 21:31 | Queue | Skirmisher |
| 21:40 | Research | Castle Age |
| 22:04 | Queue | Villager (Male) |
| 22:06 | Queue | Skirmisher |
| 22:06 | Queue | Skirmisher |
| 22:16 | Build | Archery Range |
| 22:19 | Research | Fletching |
| 22:31 | Queue | Skirmisher |
| 22:34 | Research | Padded Archer Armor |
Build order — MonoLink
First 150 of 441 actions detected
| 0:02 | Research | Loom |
| 0:05 | Build | House |
| 0:06 | Build | House |
| 1:01 | Queue | Villager (Male) |
| 1:33 | Queue | Villager (Male) |
| 1:53 | Build | Lumber Camp |
| 2:04 | Queue | Villager (Male) |
| 2:28 | Queue | Villager (Male) |
| 2:45 | Queue | Villager (Male) |
| 3:08 | Queue | Villager (Male) |
| 3:36 | Queue | Villager (Male) |
| 3:51 | Build | House |
| 3:52 | Build | House |
| 3:57 | Queue | Villager (Male) |
| 4:40 | Queue | Villager (Male) |
| 4:46 | Queue | Villager (Male) |
| 4:53 | Queue | Villager (Male) |
| 5:01 | Build | Mill |
| 5:45 | Queue | Villager (Male) |
| 5:49 | Queue | Villager (Male) |
| 6:46 | Research | Feudal Age |
| 7:05 | Build | Lumber Camp |
| 8:12 | Build | Barracks |
| 8:56 | Age | Feudal Age |
| 8:56 | Queue | Villager (Male) |
| 8:59 | Research | Double-Bit Axe |
| 9:05 | Queue | Villager (Male) |
| 9:07 | Build | Stable |
| 9:27 | Queue | Villager (Male) |
| 9:30 | Build | Palisade Wall |
| 9:32 | Build | House |
| 9:36 | Build | House |
| 9:48 | Queue | Scout Cavalry |
| 9:48 | Queue | Scout Cavalry |
| 10:00 | Queue | Villager (Male) |
| 10:14 | Queue | Spearman |
| 10:14 | Queue | Spearman |
| 10:27 | Queue | Villager (Male) |
| 10:37 | Build | Farm |
| 10:40 | Build | Farm |
| 10:43 | Build | Farm |
| 10:46 | Queue | Scout Cavalry |
| 10:55 | Queue | Villager (Male) |
| 11:08 | Queue | Spearman |
| 11:14 | Build | Farm |
| 11:24 | Queue | Scout Cavalry |
| 11:29 | Build | Farm |
| 11:32 | Build | Farm |
| 11:36 | Queue | Villager (Male) |
| 11:53 | Queue | Villager (Male) |
| 11:56 | Queue | Spearman |
| 12:03 | Queue | Spearman |
| 12:06 | Build | Palisade Wall |
| 12:07 | Build | Palisade Wall |
| 12:26 | Queue | Villager (Male) |
| 12:56 | Queue | Villager (Male) |
| 13:23 | Queue | Villager (Male) |
| 13:34 | Queue | Villager (Male) |
| 13:40 | Queue | Villager (Male) |
| 13:44 | Queue | Villager (Male) |
| 13:48 | Research | Horse Collar |
| 13:49 | Queue | Villager (Male) |
| 13:57 | Build | Market |
| 14:00 | Queue | Villager (Male) |
| 14:03 | Build | Farm |
| 14:04 | Build | Farm |
| 14:10 | Build | Farm |
| 14:15 | Queue | Scout Cavalry |
| 14:15 | Queue | Scout Cavalry |
| 14:19 | Queue | Villager (Male) |
| 14:25 | Build | Farm |
| 14:28 | Build | Farm |
| 14:34 | Build | Farm |
| 14:35 | Queue | Villager (Male) |
| 14:43 | Build | Mining Camp |
| 14:51 | Queue | Villager (Male) |
| 14:54 | Build | House |
| 14:56 | Build | House |
| 15:13 | Queue | Villager (Male) |
| 15:20 | Queue | Villager (Male) |
| 15:22 | Build | Farm |
| 15:30 | Queue | Villager (Male) |
| 16:23 | Queue | Villager (Male) |
| 16:44 | Build | Farm |
| 16:46 | Build | Farm |
| 16:53 | Research | Castle Age |
| 17:34 | Queue | Villager (Male) |
| 17:37 | Queue | Villager (Male) |
| 17:45 | Build | Archery Range |
| 18:21 | Build | Blacksmith |
| 18:31 | Research | Bloodlines |
| 19:00 | Research | Fletching |
| 19:03 | Build | Archery Range |
| 19:28 | Queue | Villager (Male) |
| 19:30 | Build | Archery Range |
| 19:33 | Age | Castle Age |
| 19:36 | Research | Bodkin Arrow |
| 19:50 | Queue | Cavalry Archer |
| 19:51 | Queue | Cavalry Archer |
| 19:55 | Research | Husbandry |
| 20:01 | Queue | Cavalry Archer |
| 20:01 | Queue | Cavalry Archer |
| 20:03 | Queue | Villager (Male) |
| 20:22 | Queue | Cavalry Archer |
| 20:24 | Queue | Villager (Male) |
| 20:31 | Research | Padded Archer Armor |
| 20:45 | Queue | Villager (Male) |
| 20:51 | Build | Town Center |
| 21:16 | Queue | Cavalry Archer |
| 21:17 | Queue | Cavalry Archer |
| 21:17 | Queue | Cavalry Archer |
| 21:17 | Queue | Villager (Male) |
| 21:23 | Queue | Cavalry Archer |
| 21:23 | Queue | Cavalry Archer |
| 21:23 | Queue | Cavalry Archer |
| 21:54 | Queue | Villager (Male) |
| 21:54 | Queue | Villager (Male) |
| 22:06 | Queue | Villager (Male) |
| 22:08 | Build | Farm |
| 22:08 | Build | Farm |
| 22:08 | Build | Farm |
| 22:22 | Queue | Cavalry Archer |
| 22:22 | Queue | Cavalry Archer |
| 22:22 | Queue | Cavalry Archer |
| 22:23 | Queue | Villager (Male) |
| 22:37 | Research | Wheelbarrow |
| 22:47 | Queue | Villager (Male) |
| 22:58 | Build | Town Center |
| 23:07 | Queue | Villager (Male) |
| 23:12 | Build | House |
| 23:13 | Build | House |
| 23:26 | Queue | Villager (Male) |
| 23:54 | Queue | Villager (Male) |
| 24:18 | Queue | Villager (Male) |
| 24:26 | Queue | Villager (Male) |
| 24:28 | Queue | Villager (Male) |
| 24:28 | Queue | Villager (Male) |
| 24:42 | Research | Town Watch |
| 24:46 | Queue | Villager (Male) |
| 24:58 | Build | Farm |
| 25:23 | Queue | Villager (Male) |
| 25:24 | Queue | Villager (Male) |
| 25:24 | Queue | Villager (Male) |
| 25:31 | Queue | Villager (Male) |
| 25:40 | Build | Siege Workshop |
| 25:45 | Build | Siege Workshop |
| 25:48 | Queue | Cavalry Archer |
| 25:48 | Queue | Cavalry Archer |
| 25:48 | Queue | Cavalry Archer |
| 25:50 | Queue | Villager (Male) |
Match timeline
| 7:02 | SaintJustice · first_building Barracks |
| 8:12 | MonoLink · first_building Barracks |
| 8:56 | MonoLink · age_up feudal |
| 9:07 | MonoLink · first_building Stable |
| 9:09 | SaintJustice · age_up feudal |
| 9:12 | SaintJustice · first_building Stable |
| 9:30 | MonoLink · wall_segment Palisade Wall x1 |
| 10:20 | SaintJustice · wall_segment Palisade Wall x6 |
| 11:18 | SaintJustice · first_building Archery Range |
| 12:06 | MonoLink · wall_segment Palisade Wall x1 |
| 12:07 | MonoLink · wall_segment Palisade Wall x1 |
| 16:33 | MonoLink · first_market_sell 100 wood |
| 16:34 | MonoLink · first_market_buy 100 food |
| 17:45 | MonoLink · first_building Archery Range |
| 19:33 | MonoLink · age_up castle |
| 19:59 | SaintJustice · wall_segment Palisade Wall x1 |
| 20:00 | SaintJustice · wall_segment Palisade Wall x1 |
| 20:01 | SaintJustice · wall_segment Palisade Wall x1 |
| 20:02 | SaintJustice · wall_segment Palisade Wall x1 |
| 20:03 | SaintJustice · wall_segment Palisade Wall x1 |
| 20:05 | SaintJustice · wall_segment Palisade Wall x1 |
| 20:06 | SaintJustice · wall_segment Palisade Wall x1 |
| 20:07 | SaintJustice · wall_segment Palisade Wall x2 |
| 20:25 | SaintJustice · wall_segment Palisade Wall x1 |
| 20:26 | SaintJustice · wall_segment Palisade Wall x1 |
| 20:27 | SaintJustice · wall_segment Palisade Wall x1 |
| 20:28 | SaintJustice · wall_segment Palisade Wall x1 |
| 20:30 | SaintJustice · wall_segment Palisade Wall x1 |
| 20:30 | SaintJustice · wall_segment Palisade Wall x1 |
| 20:31 | SaintJustice · wall_segment Palisade Wall x1 |
| 20:35 | SaintJustice · first_market_sell 100 wood |
| 20:36 | SaintJustice · first_market_buy 100 food |
| 24:20 | SaintJustice · age_up castle |
| 25:40 | MonoLink · first_building Siege Workshop |
| 33:17 | MonoLink · first_building Castle |
| 34:07 | MonoLink · wall_segment Palisade Wall x1 |
| 34:10 | MonoLink · wall_segment Palisade Wall x1 |
| 36:39 | SaintJustice · first_building Siege Workshop |
| 37:39 | MonoLink · age_up imperial |
| 39:17 | SaintJustice · first_building Castle |
| 43:41 | SaintJustice · age_up imperial |
| 46:34 | SaintJustice · resign |
[ AI ANALYSIS · 1 CREDIT ]
What really happened in this match?
Wolo.gg analyzes every decision: build order, eco, micro, common mistakes by bracket. Personalized analysis on WhatsApp or Discord in 30 seconds.
Civ guide
Tatars
Perfil
Jugador #11935777